 Dungeon Crawl Stone Soup version 0.24-a0-272-g1411513 (webtiles) character file.

Game seed: 17707166438590509694

31 mhoghedin the Shooter (level 3, -2/29 HPs)
             Began as a Centaur Hunter on Apr 25, 2019.
             Slain by Natasha (6 damage)
             ... on level 2 of the Dungeon.
             The game lasted 00:00:56 (917 turns).

mhoghedin the Shooter (Centaur Hunter)               Turns: 917, Time: 00:00:57

Health: -2/29      AC:  4    Str: 15    XL:     3   Next: 7%
Magic:  3/3        EV:  9    Int: 10    God:
Gold:   81         SH:  0    Dex:  9    Spells: 2/2 levels left

rFire    . . .     SeeInvis .   a - +1 shortbow
rCold    . . .     Gourm    .   (shield currently unavailable)
rNeg     . . .     Faith    .   c - +0 leather armour
rPois    .         Spirit   .   (no helmet)
rElec    .         Reflect  .   (no cloak)
rCorr    .         Harm     .   (no gloves)
MR       .....                  (no barding)
Stlth    +.........             (no amulet)
HPRegen  0.09/turn              (no ring)
MPRegen  0.08/turn              (no ring)

@: slowed
A: large, hooves 3, deformed body, speed 2, tough skin 3
a: no special abilities


You were on level 2 of the Dungeon.
You were not hungry.

You visited 1 branch of the dungeon, and saw 2 of its levels.

You collected 81 gold pieces.

Inventory:

Hand Weapons
 a - a +1 shortbow (weapon)
 b - a +0 short sword
Missiles
 d - 35 arrows (quivered)
Armour
 c - a +0 leather armour (worn)
Scrolls
 g - 3 scrolls of magic mapping {unknown}
 h - 2 scrolls of identify {unknown}
 i - 2 scrolls of enchant armour {unknown}
 j - 3 scrolls of teleportation {unknown}
Potions
 e - a potion of curing {unknown}
Comestibles
 f - a ration


   Skills:
 - Level 2.0 Fighting
 + Level 6.7 Bows
 - Level 1.3 Dodging
 - Level 0.4 Stealth


You had 2 spell levels left.
You didn't know any spells.
Your spell library was empty.

Dungeon Overview and Level Annotations

Branches:
Dungeon (2/15)

Altars:

Annotations:
D:2 Natasha


Innate Abilities, Weirdness & Mutations

You have hooves in place of feet.
Armour fits poorly on your strangely shaped body.
You cover ground very quickly.
You have extremely tough skin. (AC +3)


Message History

There is a stone staircase leading up here.
A worm is nearby!
Firing (i - inventory)
d - 44 arrows (quivered)
Aim: a worm You shoot an arrow.
The arrow hits the worm!
Firing (i - inventory)
d - 43 arrows (quivered)
Aim: a worm (heavily wounded)
You shoot an arrow.
The arrow hits the worm but does no damage.
Firing (i - inventory)
d - 42 arrows (quivered)
Aim: a worm (heavily wounded)
You shoot an arrow. The arrow hits the worm!
Firing (i - inventory)
d - 41 arrows (quivered)
Aim: a worm (almost dead)
You shoot an arrow. The arrow hits the worm.
You kill the worm!
No target in view!
No target in view!
d - 42 arrows (gained 2)
You see here a worm corpse.
d - 44 arrows (gained 2)
You see here a worm corpse.
A worm comes into view.
Found a stone staircase leading down.
You see here 2 scrolls labeled QUOBAP LENUXT.
A worm is nearby!
Firing (i - inventory)
d - 44 arrows (quivered)
Aim: a worm You shoot an arrow.
The arrow hits the worm!
Firing (i - inventory)
d - 43 arrows (quivered)
Aim: a worm (heavily wounded)
You shoot an arrow. The arrow hits the worm!
You kill the worm!
You have reached level 3!
Your experience leads to an increase in your attributes!
Increase (S)trength, (I)ntelligence, or (D)exterity?
You feel stronger.
Health restored: 29; MP restored: 3
j - 3 scrolls labeled QUOBAP LENUXT (gained 2)
Found a stone staircase leading up.
No target in view!
No target in view!
d - 44 arrows (gained 2) Natasha, Servant of Life and Death comes into view.
Natasha hisses angrily.
Firing (i - inventory)
d - 44 arrows (quivered)
Aim: Natasha You shoot an arrow.
The arrow hits Natasha.
A bat comes into view.
The bat moves out of view.
Firing (i - inventory)
d - 43 arrows (quivered)
Aim: Natasha (lightly wounded)
You shoot an arrow. The arrow barely misses Natasha.
Natasha casts a spell at you.
You feel yourself slow down.
Firing (i - inventory)
d - 42 arrows (quivered)
Aim: Natasha (lightly wounded)
You shoot an arrow. The arrow hits Natasha.
Natasha casts a spell at you. The magic dart hits you.
You take 5 damage, and have 24/29 hp.
Firing (i - inventory)
d - 41 arrows (quivered)
Aim: Natasha (moderately wounded)
You shoot an arrow. The arrow barely misses Natasha.
Natasha casts a spell at you. The magic dart hits you!
Unknown command.
You take 7 damage, and have 17/29 hp.
MASSIVE DAMAGE!!
Firing (i - inventory)
d - 40 arrows (quivered)
Aim: Natasha (moderately wounded)
You shoot an arrow. The arrow hits Natasha.
Firing (i - inventory)
d - 39 arrows (quivered)
Aim: Natasha (heavily wounded)
You shoot an arrow. The arrow hits Natasha.
The bat barely misses you.
Firing (i - inventory)
d - 38 arrows (quivered)
Aim: Natasha (severely wounded)
You shoot an arrow. The arrow hits Natasha.
The bat hits you but does no damage.
Natasha mumbles some strange words.
You feel troubled.
Natasha stares at you and mumbles some strange words.
The magic dart hits you!
* * * LOW HITPOINT WARNING * * *
Natasha barely misses you.
You take 9 damage, and have 8/29 hp.
MASSIVE DAMAGE!!
Firing (i - inventory)
d - 37 arrows (quivered)
Aim: Natasha (almost dead)
You shoot an arrow. The arrow closely misses Natasha.
The bat barely misses you. Natasha claws you.
* * * LOW HITPOINT WARNING * * *
You take 4 damage, and have 4/29 hp.
Unknown command.
Firing (i - inventory)
d - 36 arrows (quivered)
Aim: Natasha (almost dead)
You shoot an arrow. The arrow closely misses Natasha.
The bat hits you but does no damage. Natasha completely misses you.
Natasha claws you.
You die...

..(....(#
...(.....#
#....(....####
#.<...(.......
.............
........(..#
......b.h# .
........@##..##
####.........#
#.....>.....#
#.#...###.#.#
#.##......# #
###.#########
#.<.†........
#.#.########.
#.#...


You could see Natasha and a bat.

Vanquished Creatures
  An ooze (D:1)
  2 worms (D:2)
  A dart slug (D:1)
  4 goblins (D:1)
  A hobgoblin (D:1)
  4 bats (D:1)
  3 frilled lizards (D:1)
  2 kobolds (D:1)
  5 rats (D:1)
23 creatures vanquished.

Notes
Turn   | Place    | Note
-------+----------+-------------------------------------------
     0 | D:1      | mhoghedin the Centaur Hunter began the quest for the Orb.
     0 | D:1      | Reached XP level 1. HP: 17/17 MP: 1/1
   224 | D:1      | Reached XP level 2. HP: 24/24 MP: 2/2
   230 | D:1      | Reached skill level 6 in Bows
   901 | D:2      | Reached XP level 3. HP: 29/29 MP: 3/3
   908 | D:2      | Noticed Natasha
   916 | D:2      | HP: 4/29 [Natasha (4)]
   917 | D:2      | Slain by Natasha

Levels and vault maps discovered:
D:1:      psy_arrival_dodecagon, layout_basic
D:2:      minmay_wonky_spiral, layout_loops_ring, lemuel_doored_altar,
          chequers_ecumenical_altar_simple, uniq_natasha, uniq_terence,
          uniq_jessica

Skill      XL: |  1  2 |
---------------+-------+-----
Bows           | 6 |  6.7
Fighting       | |  2.0
Dodging        | |  1.3
Stealth        | |  0.4

Action                   || total
-------------------------++-------
 Fire: Shortbow          ||    71
Armor: Leather armour    ||     6
Dodge: Dodged            ||    11

Table legend:
 A = Non-vault XP
 B = Vault XP
 C = Vault XP percentage of total XP
 D = Non-vault monster count
 E = Vault monster count
 F = Vault count percentage of total count
                 A         B        C        D         E       F
            +---------+---------+-------+---------+---------+-------
      Total |      45 |       0 |   0.0 |      23 |       0 |   0.0
            +---------+---------+-------+---------+---------+-------
        D:1 |      35 |       0 |   0.0 |      21 |       0 |   0.0
        D:2 |      10 |       0 |   0.0 |       2 |       0 |   0.0
            +---------+---------+-------+---------+---------+-------

Levels and vault maps discovered:
D:1:      psy_arrival_dodecagon, layout_basic
D:2:      minmay_wonky_spiral, layout_loops_ring, lemuel_doored_altar,
          chequers_ecumenical_altar_simple, uniq_natasha, uniq_terence,
          uniq_jessica

Table legend:
 A = Turns spent in this place as a percentage of turns spent in the entire game.
 B = Non-inter-level travel turns spent in this place as a percentage of non-inter-level travel turns spent in the entire game.
 C = Inter-level travel turns spent in this place as a percentage of turns spent in this place.
 D = Turns resting spent in this place as a percentage of non-inter-level travel turns spent in this place.
 E = Turns spent auto-exploring this place as a percentage of non-inter-level travel turns spent in this place.
 F = Non-inter-level travel turns spent in this place divided by the number of levels of this place that you've seen.
                   A       B       C       D       E      F
               +-------+-------+-------+-------+-------+----------------------
         Total | 100.0 | 100.0 |   1.9 |   0.0 |  88.7 | 450.0
       Dungeon | 100.0 | 100.0 |   1.9 |   0.0 |  88.7 | 450.0
               +-------+-------+-------+-------+-------+----------------------

Table legend:
 A = Kills in this place as a percentage of kills in entire the game.
 B = Kills by you in this place as a percentage of kills by you in the entire game.
 C = Kills by friends in this place as a percentage of kills by friends in the entire game.
 D = Other kills in this place as a percentage of other kills in the entire game.
 E = Experience gained in this place as a percentage of experience gained in the entire game.
 F = Experience gained in this place divided by the number of levels of this place that you have seen.
                   A       B       C       D       E      F
               +-------+-------+-------+-------+-------+----------------------
         Total | 100.0 | 100.0 |   N/A |   N/A | 100.0 |  22.5
       Dungeon | 100.0 | 100.0 |   N/A |   N/A | 100.0 |  22.5
               +-------+-------+-------+-------+-------+----------------------
